 Dungeon Crawl Stone Soup version 0.14-a0-1168-gf5005bf (webtiles) character file.

522 MackTheKnife the Twirler (level 6, -6/50 HPs)
             Began as a Centaur Gladiator on Nov 29, 2013.
             Killed from afar by an orc wizard (10 damage)
             ... with a puff of flame
             ... on Level 3 of the Dungeon.
             The game lasted 00:04:50 (3139 turns).

MackTheKnife the Twirler (Centaur Gladiator)        Turns: 3139, Time: 00:04:51

HP  -6/50        AC  6     Str 18      XL: 6   Next: 61%
MP   4/4         EV 15     Int  7      God:
Gold 104         SH  0     Dex 16      Spells:  0 memorised,  5 levels left

rFire  . . .     SeeInvis .     a - +0 quarterstaff
rCold  . . .     Clarity  .     b - +0 leather armour
rNeg   . . .     Conserve .     (no shield)
rPois  .         rCorr    .     c - +0 helmet
rElec  .         rRot     .     r - +0 cloak
SustAb . .       Spirit   .     (no gloves)
rMut   .         Warding  .     (no barding)
Saprov . . .     Stasis   .     p - amulet of rage
                                (no ring)
                                (no ring)

@: agile, very quick, slightly resistant to hostile enchantments, fairly
stealthy
A: hooves 3, deformed body, herbivore 1, speed 2, fast metabolism 1, tough skin
3
a: Evoke Berserk Rage


You were on level 3 of the Dungeon.
You were not hungry.

You visited 1 branch of the dungeon, and saw 3 of its levels.

You collected 104 gold pieces.


Innate Abilities, Weirdness & Mutations

You have hooves in place of feet.
Armour fits poorly on your strangely shaped body.
You digest meat inefficiently.
You cover ground very quickly.
You have a fast metabolism.
You have extremely tough skin (AC +3).


   Skills:
 - Level 2.0 Fighting
 + Level 6.9 Staves
 - Level 2.6 Throwing
 - Level 2.1 Dodging


You had 5 spell levels left.
You didn't know any spells.

Inventory:

Hand weapons
 a - a +0,+0 quarterstaff (weapon)
 w - a +1,+3 whip of draining
 x - a +0,+2 dagger of venom
Missiles
 d - 3 throwing nets (quivered)
Armour
 b - a +0 leather armour (worn)
 c - a +0 helmet (worn)
 r - a +0 cloak (worn)
Magical devices
 u - a wand of random effects (18)
 A - a wand of confusion (10)
 D - a wand of polymorph (12)
Comestibles
 f - 3 bread rations
 g - a choko
 m - 12 strawberries
 n - an apple
 o - an apricot
 q - a pear
 s - 13 grapes
 z - a honeycomb
 B - a meat ration
Scrolls
 h - a scroll of random uselessness {unknown}
 i - a scroll of curse jewellery {unknown}
 j - 2 scrolls of teleportation {unknown}
 k - a scroll of blinking {unknown}
 v - a scroll of immolation {unknown}
Jewellery
 p - an amulet of rage (around neck)
 E - an uncursed ring of protection from fire {unknown}
Potions
 l - a potion of invisibility {unknown}
 t - a potion of restore abilities {unknown}
 C - a potion of paralysis {unknown}

▒·▒ ♣♣··♣♣
▒·▒ ♣♣·♣♣♣
▒▒▒·▒ ♣♣·♣♣♣
▒···▒ ♣♣··♣♣
▒·▒▒▒ ♣♣♣·♣♣
▒▒·▒▒▒▒▒
♣♣♣·♣♣ ▒
▒······▒
♣♣)♣♣ ▒
▒······▒
♣♣)♣♣
▒▒▒▒▒······▒
♣♣c♣♣
····▒······▒
♣♣···♣·♣
▒▒▒········▒
♣♣·····♣
▒▒▒······▒
♣·····♣♣♣
▒▒▒····▒
···♣♣·♣♣♣
▒▒··▒▒▒▒
♣·♣♣♣♣·♣♣
▒······▒
♣·♣♣♣ ·♣♣
▒······▒ ♣·
♣·
▒▒▒▒······▒


There were no monsters in sight!


Message History

You hear some strange, mumbled words.
Something tries to affect you, but you resist.
It hits you but does no damage.
Things that are here:
an orcish trident; an orcish ring mail You thump it!
It hits you but does no damage.
You hit it but do no damage. You kick it. It hits you.
* * * LOW HITPOINT WARNING * * *
You miss it.
You hear some strange, mumbled words.
The puff of flame hits you!
Your scroll labeled HOFORO KLOYMOE catches fire!
* * * LOW HITPOINT WARNING * * *
You miss it. It hits you.
* * * LOW HITPOINT WARNING * * *
You barely miss it. It hits you.
* * * LOW HITPOINT WARNING * * *
You barely miss it.
You hear some strange, mumbled words.
A puff of flame appears from out of thin air!
The puff of flame hits you!
* * * LOW HITPOINT WARNING * * *
You closely miss it. It hits you.
* * * LOW HITPOINT WARNING * * *
Drink which item? (? for menu, Esc to quit)
You feel more agile all of a sudden.
It was a potion of agility.
You hear some strange, mumbled words.
The puff of flame hits you!
You die...

Action                   |  1- 3 |  4- 6 || total
-------------------------+-------+-------++-------
Melee: Quarterstaff      |    86 |   103 ||   189
Evoke: Wand              |       |     2 ||     2
  Use: Scroll            |       |     3 ||     3
       Potion            |       |     3 ||     3

Vault maps used:
D:1:      scummos_entry_simple_fountains, minmay_fountain_box
D:2:      nemelex_deck, lemuel_crystal_altar, first_bread,
          uniq_crazy_yiuf_cottage, uniq_jessica
D:3:      hangedman_decor_opposing, forest_paths, uniq_grinder

Notes
Turn   | Place    | Note
--------------------------------------------------------------
     0 | D:1      | MackTheKnife, the Centaur Gladiator, began the quest for the Orb.
     0 | D:1      | Reached XP level 1. HP: 18/18 MP: 0/0
    80 | D:1      | Reached skill level 3 in Staves
   162 | D:1      | Reached XP level 2. HP: 20/25 MP: 1/1
   589 | D:1      | Reached XP level 3. HP: 28/30 MP: 2/2
   914 | D:2      | Reached skill level 4 in Staves
   956 | D:2      | Found a deep blue altar of Sif Muna.
  1087 | D:2      | Found a sparkling altar of Nemelex Xobeh.
  1234 | D:2      | Noticed Jessica
  1243 | D:2      | Killed Jessica
  1243 | D:2      | Reached XP level 4. HP: 31/38 MP: 2/2
  1611 | D:2      | Noticed Crazy Yiuf
  1616 | D:2      | Killed Crazy Yiuf
  1616 | D:2      | Reached skill level 5 in Staves
  1811 | D:3      | Noticed Grinder
  2513 | D:3      | Killed Grinder
  2513 | D:3      | Reached skill level 6 in Staves
  2513 | D:3      | Reached XP level 5. HP: 9/44 MP: 3/3
  2513 | D:3      | Reached XP level 6. HP: 10/50 MP: 4/4
  3138 | D:3      | HP: 4/50 [something (2)]
  3139 | D:3      | Killed from afar by an orc wizard

Vanquished Creatures
  Grinder (D:3)
  An orc priest (D:3)
  Crazy Yiuf (D:2)
  Jessica (D:2)
  A gnoll (D:1)
  An adder (D:2)
  A giant mite (D:3)
  4 worms
  2 giant geckos
  An orc (D:3)
  7 bats
  5 giant cockroaches
  7 goblins
  5 hobgoblins
  6 jackals
  A quokka (D:2)
  3 giant newts (D:3)
  10 kobolds
  10 rats
68 creatures vanquished.
